 Dungeon Crawl Stone Soup version 0.30-a0-469-g84de5af (webtiles) character file.

Game seed: 17668626561882337534

166 celadon the Poker (level 5, -1/41 HPs)
             Began as a Merfolk Reaver on Dec 12, 2022.
             Killed by divine providence
             ... invoked by an orc priest
              (13 damage)
             ... on level 3 of the Dungeon on Dec 19, 2022.
             The game lasted 00:12:45 (2838 turns).

celadon the Poker (Merfolk Reaver)                  Turns: 2838, Time: 00:12:45

Health: -1/41      AC:  7    Str: 14    XL:     5   Next: 47%
Magic:  8/8        EV: 12    Int: 13    God:
Gold:   128        SH:  0    Dex: 12    Spells: 7/8 levels left

rFire   . . .      SeeInvis .    a - +0 spear
rCold   . . .      Faith    .    (no shield)
rNeg    . . .      Spirit   .    b - +0 leather armour
rPois   .          Reflect  .    (no helmet)
rElec   .          Harm     .    c - +2 cloak
rCorr   .          Rampage  .    (no gloves)
Will    .....                    r - +0 pair of boots
Stlth   +.........               (no amulet)
HPRegen 0.26/turn                (no ring)
MPRegen 0.11/turn                (no ring)

@: no status effects
A: (nimble swimmer 2), mertail
a: no special abilities


You were on level 3 of the Dungeon.
You visited 1 branch of the dungeon, and saw 3 of its levels.

You collected 128 gold pieces.

Inventory:

Hand Weapons
 a - a +0 spear (weapon)
Armour
 b - a +0 leather armour (worn)
 c - a +2 cloak (worn)
 r - a +0 pair of boots (worn)
Wands
 s - a wand of flame (12)
Scrolls
 n - 2 scrolls of amnesia
Potions
 d - 2 potions of ambrosia
 e - a potion of cancellation
 g - 2 potions of brilliance
 h - a potion of lignification
 j - a potion of flight
 k - a potion of heal wounds
 l - a potion of mutation {unknown}
 m - a potion of might {unknown}
 o - a potion of degeneration {unknown}
 p - a potion of invisibility {unknown}
 q - a potion of curing


   Skills:
 + Level 3.5 Fighting
 + Level 6.1 Polearms
 - Level 3.0 Dodging
 - Level 2.1 Spellcasting
 - Level 3.1 Conjurations


You had 7 spell levels left.
You knew the following spells:

 Your Spells              Type           Power      Damage    Failure   Level
a - Kiss of Death         Conj/Necr      20%        2d7       17%         1

Your spell library contained the following spells:

 Spells                   Type           Power      Damage    Failure   Level
 Momentum Strike          Conj/Tloc      10%        3d8       26%         2
 Hailstorm                Conj/Ice       5%         3d4       45%         3
 Ignite Poison            Fire/Tmut/Pois 1%         N/A       67%         3
 Kindle Blastsparks       Fire/Tloc/Air  2%         2d10      67%         3
 Freezing Cloud           Conj/Ice/Air   2%         6-21      99%         5


Dungeon Overview and Level Annotations

Branches:
Dungeon (3/15)

Altars:

Shops:
D:1 :

Annotations:
D:3 Natasha


Innate Abilities, Weirdness & Mutations

((You are very nimble when in or above water. (Stealth+, EV+, Speed+++)))
Your lower body shifts to a powerful aquatic tail in water.


Message History

You hit the white imp.
The white imp is lightly wounded.
The white imp barely misses you.
You hit the white imp.
The white imp is heavily wounded.
You hit the white imp but do no damage.
The white imp is heavily wounded.
The white imp shouts, "Escape, thou qualling clay-brained vulture!"
The white imp misses you.
You barely miss the white imp.
The white imp is heavily wounded.
The white imp closely misses you.
You hit the white imp.
The white imp is almost dead.
The white imp gestures at you. The puff of frost hits you.
You closely miss the white imp.
The white imp is almost dead.
An orc comes into view. It is wielding a +0 club.
The white imp barely misses you.
Natasha casts a spell.
The orc shouts!
You hit the white imp but do no damage.
The white imp is almost dead.
You completely miss the white imp.
The white imp is almost dead.
The white imp closely misses you.
You barely miss the white imp.
The white imp is almost dead.
The white imp gestures at you. The puff of frost hits you!
* * * LOW HITPOINT WARNING * * *
An orc priest comes into view. It is wielding a +0 dagger.
You are too injured to fight recklessly!
You hit the white imp but do no damage.
The white imp is almost dead.
The white imp misses you.
The orc priest calls down the wrath of Beogh upon you.
Beogh smites you!
You die...

#.......######## #....####.#
#.)..##....##..#### ####....#.#
..................########....†.#
#......#####..###.<.†............
######## ##..##########........
##....# #..# #.#...... ...####
#..# #.####### #### ##5#### #.
#### #h5@.# .. ...## #gs###.#
....## o(.s. ..# .....# .......
#... .....# #.....# #### .....#
##..(# ....## #### ...## ####


You could see a scorpion, an iron imp (summoned), an orc priest, Natasha, a
white imp (summoned) and a hobgoblin.

Vanquished Creatures
  Natasha (twice) (D:3)
  5 adders
  A worm (D:2)
  A dart slug (D:3)
  2 orcs (D:3)
  5 endoplasms
  A giant cockroach (D:1)
  4 goblins
  6 hobgoblins
  3 jackals (D:1)
  6 quokkas
  5 ball pythons
  4 bats
  3 frilled lizards (D:3)
  10 kobolds
  8 rats
66 creatures vanquished.

Notes
Turn   | Place    | Note
-------+----------+-------------------------------------------
     0 | D:1      | celadon the Merfolk Reaver began the quest for the Orb.
     0 | D:1      | Reached XP level 1. HP: 16/16 MP: 3/3
   182 | D:1      | Reached XP level 2. HP: 20/22 MP: 5/5
   398 | D:1      | Found Gexterch's Book Emporium.
   569 | D:1      | Reached XP level 3. HP: 27/27 MP: 6/6
  1260 | D:2      | HP: 1/27 [worm (6)]
  1598 | D:2      | Found a faded altar of an unknown god.
  1625 | D:2      | Reached skill level 5 in Polearms
  1682 | D:2      | Reached XP level 4. HP: 14/34 MP: 7/7
  1944 | D:2      | Upgraded the game from 0.30-a0-445-g92f4fb2 to
                  | 0.30-a0-469-g84de5af
  2125 | D:3      | Noticed Natasha
  2138 | D:3      | Killed Natasha
  2312 | D:3      | Reached XP level 5. HP: 30/41 MP: 8/8
  2469 | D:3      | Noticed Natasha
  2492 | D:3      | Killed Natasha
  2493 | D:3      | Reached skill level 6 in Polearms
  2812 | D:3      | Noticed Natasha
  2838 | D:3      | Killed from afar by an orc priest

Illustrated notes

Levels and vault maps discovered:
D:1:      nicolae_arrival_memento_mori, layout_loops_ring, serial_shops,
          nicolae_shop_waterfront, serial_bayou_ford_a, minmay_pentomino_t4
D:2:      layout_rooms, ebering_ecumenical_altar_rust
D:3:      layout_rooms, minmay_misc_feat_hallway, kennysheep_orc_chapel,
          uniq_natasha

Skill      XL: |  1  2  3  4  5 |
---------------+----------------+-----
Dodging        | 3 |  3.0
Conjurations   | 3 |  3.1
Polearms       | 5 6 |  6.1
Fighting       | 3 |  3.5
Spellcasting   | |  2.1

Action                   |  1- 3 |  4- 6 || total
-------------------------+-------+-------++-------
Melee: Spear             |   221 |   158 ||   379
       Punch             |     4 |       ||     4
       Tailslap          |     1 |       ||     1
Throw: Dart              |       |     4 ||     4
  Use: Scroll            |     6 |     5 ||    11
       Potion            |     1 |     2 ||     3
 Stab: Sleeping          |     1 |       ||     1
Armor: Leather armour    |    90 |    37 ||   127
Dodge: Dodged            |   128 |    83 ||   211

Table legend: (Time is in decaauts)
 A = Elapsed time spent in this place.
 B = Non-inter-level travel time spent in this place.
 C = Inter-level travel time spent in this place.
 D = Time resting spent in this place.
 E = Time spent auto-exploring this place.
 F = Levels seen in this place.
 G = Mean time per level.
                   A        B        C        D        E       F      G
               +--------+--------+--------+--------+--------+-----+--------+
         Total |   2788 |   2782 |      6 |    170 |   1541 |   3 |  929.3 |
       Dungeon |   2788 |   2782 |      6 |    170 |   1541 |   3 |  929.3 |
               +--------+--------+--------+--------+--------+-----+--------+

Top non-repeatable levels by time:
     D:1: 1200 daAuts
     D:3: 844 daAuts
     D:2: 743 daAuts
